 Dungeon Crawl Stone Soup version 0.20-a0-556-g892c87b (webtiles) character file.

352 kae the Slasher (level 6, -3/56 HPs)
             Began as a Minotaur Fighter on Feb 5, 2017.
             Slain by Grinder (8 damage)
             ... while paralysed by Grinder
             ... on level 4 of the Dungeon.
             The game lasted 00:02:09 (2484 turns).

kae the Slasher (Minotaur Fighter)                  Turns: 2484, Time: 00:02:09

Health: -3/56      AC: 11    Str: 22    XL:     6   Next: 35%
Magic:  5/5        EV:  2    Int:  5    God:
Gold:   239        SH:  0    Dex: 10    Spells: 5/5 levels left

rFire    . . .     SeeInvis .   a - +1 long sword
rCold    . . .     Gourm    .   b - +0 scale mail
rNeg     . . .     Faith    .   c - +0 shield
rPois    .         Spirit   .   n - +2 hat
rElec    .         Reflect  .   (no cloak)
rCorr    .         Harm     .   (no gloves)
MR       .....                  m - +1 pair of boots
Stlth    ..........             (no amulet)
Regen    0.2/turn               (no ring)
                                (no ring)

@: paralysed, very slightly contaminated, hasted
A: retaliatory headbutt, horns 2
a: no special abilities


You were on level 4 of the Dungeon.
You were not hungry.

You visited 1 branch of the dungeon, and saw 4 of its levels.

You collected 239 gold pieces.

Inventory:

Hand Weapons
 a - a +1 long sword (weapon)
Armour
 b - a +0 scale mail (worn)
 c - a +0 shield (worn)
 m - a +1 pair of boots (worn)
 n - a +2 hat (worn)
Scrolls
 e - a scroll of immolation
 i - a scroll of teleportation
 j - 2 scrolls of remove curse
 p - a scroll of noise {unknown}
 q - a scroll of identify
Potions
 g - a potion of beneficial mutation {unknown}
 l - a potion of flight {unknown}
 o - a potion of cure mutation
 r - 4 potions of curing
 v - 2 potions of heal wounds {unknown}
Comestibles
 f - 3 bread rations
 h - 2 royal jellies
 k - 5 fruits


   Skills:
 + Level 5.2 Fighting
 * Level 6.0 Long Blades
 + Level 5.4 Armour
 - Level 3.6 Shields


You had 5 spell levels left.
You didn't know any spells.

Dungeon Overview and Level Annotations

Branches:
Dungeon (4/15)
 Temple: D:4-7

Altars:

Annotations:
D:4 Grinder


Innate Abilities, Weirdness & Mutations

You reflexively headbutt those who attack you in melee.
You have a pair of horns on your head.


Message History

Grinder is heavily wounded.
Grinder hits you.
You writhe in agony.
* * * LOW HITPOINT WARNING * * *
Your shield and scale mail prevent you from hitting Grinder.
You headbutt Grinder.
Grinder is heavily wounded.
Grinder gestures at you.
You suddenly lose the ability to move!
Grinder hits you.
* * * LOW HITPOINT WARNING * * *
Grinder hits you.
* * * LOW HITPOINT WARNING * * *
You writhe in agony.
* * * LOW HITPOINT WARNING * * *
Grinder hits you.
* * * LOW HITPOINT WARNING * * *
You writhe in agony.
* * * LOW HITPOINT WARNING * * *
Grinder hits you!
You die...

###.#####.##.####>
#..............##.
####.#.#####.##.#....
#.......####.##.####.
#.##.#.......##.####.
#.##.#######......
#.##.# #####..
#.##.##.## ####.
#..5@....# #....
#..).....# #.##.
##.#.###.# . #.##.
#.#.. .# .. #....
#.##. .#.....##..## #
.# ..........# ..
#..#.#.... .# #.
#..#.##..#
#.##.....#..#


You could see Grinder.

Vanquished Creatures
  Sigmund (D:2)
  The ghost of drasked the Magician, an amateur DEFE (D:3)
  An orc priest (D:3)
  3 adders
  An ooze (D:2)
  An adder skeleton (D:3)
  4 worms
  3 leopard geckos (D:2)
  5 orcs
  2 giant cockroaches
  6 goblins
  4 hobgoblins
  3 jackals (D:1)
  7 kobolds
  A quokka (D:3)
  8 bats
  4 frilled lizards
  3 rats
58 creatures vanquished.

Notes
Turn   | Place    | Note
-------+----------+-------------------------------------------
     0 | D:1      | kae the Minotaur Fighter began the quest for the Orb.
     0 | D:1      | Reached XP level 1. HP: 19/19 MP: 0/0
   527 | D:1      | Reached XP level 2. HP: 27/27 MP: 1/1
   565 | D:1      | Reached skill level 3 in Long Blades
   881 | D:2      | Reached XP level 3. HP: 33/33 MP: 2/2
   916 | D:2      | Noticed Sigmund
   931 | D:2      | Killed Sigmund
   931 | D:2      | Reached skill level 5 in Long Blades
   931 | D:2      | Reached XP level 4. HP: 4/41 MP: 3/3
   931 | D:2      | Reached XP level 5. HP: 4/47 MP: 4/4
  1685 | D:3      | Reached skill level 5 in Armour
  1708 | D:3      | Noticed drasked's ghost (amateur DEFE)
  1710 | D:3      | Killed drasked's ghost
  1710 | D:3      | Reached skill level 5 in Fighting
  1710 | D:3      | Reached XP level 6. HP: 56/56 MP: 5/5
  2064 | D:3      | Reached skill level 6 in Long Blades
  2463 | D:4      | Noticed Grinder
  2466 | D:4      | Paralysed by Grinder for 5 turns
  2480 | D:4      | Paralysed by Grinder for 4 turns
  2484 | D:4      | Slain by Grinder

Vault maps used:
D:1:      dpeg_arrival_simpleton_b
D:2:      uniq_sigmund
D:4:      gup_sewer_entry_pipe, uniq_grinder

Skill      XL: |  1  2  3  4  5  6 |
---------------+-------------------+-----
Long Blades    | 3 5 6 |  6.0
Armour         | 4 5 |  5.4
Fighting       | 4 5 |  5.2
Shields        | |  3.6

Action                   |  1- 3 |  4- 6 || total
-------------------------+-------+-------++-------
Melee: Long sword        |    48 |    97 ||   145
       Headbutt          |     4 |    14 ||    18
  Use: Potion            |     4 |     1 ||     5
       Scroll            |       |     9 ||     9
  Eat: Chunk             |       |     5 ||     5
Armor: Scale mail        |    23 |    46 ||    69
Dodge: Dodged            |    14 |    35 ||    49
Block: Shield            |    24 |    63 ||    87
       Rpst.: Long sword |     1 |     9 ||    10
